Match 43451828
Unlisted

Match 43451828
End
Construct Barracks
Riflemen Squad
Riflemen Squad
Riflemen Squad
Grenade Package
Construct Medical Station
Mechanized Support Center
Riflemen Squad
Selects Heavy Weapons
Selects Assault Carriers
Selects Exchangeable Parts
Construct Motor Pool
Engineer Squad
M24 Chaffee Light Tank
M24 Chaffee Light Tank
Designate Forward Repair Station
Rapid Repairs
Improvised Armor
.30 cal Machine Gun
Selects M26 Pershing Heavy Tank
M26 Pershing Heavy Tank
ProxyFox
∞ | Mèo Múp
M1k3H4lt0n
我真的不是驴
嫂子开门我是我哥
JT
0
0

Comments sign in to comment!

No comments posted yet!